cohdb
Replays
Latest Replays
All Replays
Popular Replays
Top Player Replays
Match Explorer
How It Works
Community
CoH3 Stats
Reddit
Sign in to upload your games and track your stats! →
Sign in with Steam
Match 41199369
Unlisted
Match 41199369
Overview
Messages
Build Orders
End
Construct Weapon Support Center
Engineer Squad
M1919 Machine Gun Team
Selects Heavy Weapons
M1919 Machine Gun Team
Infantry Support Center
Bazooka Squad
Selects Assault Carriers
M3 Assault Carrier
Construct Barracks
M1919 Machine Gun Team
Riflemen Squad
Selects M2HB .50cal Heavy Machine Gun
M1918 Browning Automatic Rifles
Construct Motor Pool
M24 Chaffee Light Tank
Selects Rapid Reposition
Captain Retinue
Grenade Package
Mortar Pit
Riflemen Squad
M1919 Machine Gun Team
Advanced Logistics
M3 Assault Carrier
Selects Black Dragon Artillery Barrage
Selects Black Dragon Artillery Barrage
Black Dragon Artillery Barrage
Riflemen Squad
Selects Halftrack Strongpoints
M1 Anti-tank Gun Team
Construct Tank Depot
M3 Assault Carrier
Black Dragon Artillery Barrage
M3 Assault Carrier
Riflemen Squad
PopcornUggla
DumbPanda
Michu_PL
r33dys
UH|dun! ツ
UH|ck
UH|XTC
insane
0
0
Comments
sign in to comment!
No comments posted yet!